 Dungeon Crawl Stone Soup version 0.21.0 (webtiles) character file.

11 tidbits the Sneak (level 2, 0/11 HPs)
             Began as a Felid Air Elementalist on Jan 7, 2018.
             Slain by an orc
             ... wielding a +0 war axe
              (8 damage)
             ... on level 3 of the Dungeon.
             The game lasted 00:01:25 (151 turns).

tidbits the Sneak (Felid Air Elementalist)           Turns: 151, Time: 00:01:26

Health: 0/11       AC:  1    Str:  4    XL:     2   Next: 13%
Magic:  6/6        EV: 18    Int: 16    God:
Gold:   10         SH:  0    Dex: 16    Spells: 2/5 levels left
                                        Lives:  0   Deaths: 0

rFire    . . .     SeeInvis +     - Unarmed
rCold    . . .     Gourm    .   (shield unavailable)
rNeg     . . .     Faith    .   (armour unavailable)
rPois    .         Spirit   .   (helmet unavailable)
rElec    .         Reflect  .   (cloak unavailable)
rCorr    .         Harm     .   (gloves unavailable)
MR       .....     Rnd*Tele +   (boots unavailable)
Stlth    +++.......             (no amulet)
HPRegen  0.03/turn              c - ring of teleportation (curse)
MPRegen  0.10/turn              Y - +3 ring of slaying

@: quick
A: very small, no armour, no weapons or thrown items, stealth, claws 1, fangs 3,
see invisible, carnivore, speed 1, shaggy fur 1, slow metabolism 1, sharp paws
a: no special abilities


You were on level 3 of the Dungeon.
You were not hungry.

You visited 1 branch of the dungeon, and saw 4 of its levels.

You collected 10 gold pieces.

Inventory:

Jewellery
 c - a cursed ring of teleportation (left paw)
   (You found it on level 2 of the Dungeon)
 Y - a +3 ring of slaying (right paw)
   (You found it on level 3 of the Dungeon)
Scrolls
 d - a scroll of noise {unknown}
 f - a scroll of remove curse {unknown}
Potions
 e - a potion of heal wounds {unknown}
Books
 a - a book of Air

   Spells                             Type                      Level
   a - Shock                          Conjuration/Air              1
   b - Swiftness                      Charms/Air                   2
   c - Static Discharge               Conjuration/Air              3
   d - Airstrike                      Air                          4
   e - Lightning Bolt                 Conjuration/Air              5
Comestibles
 b - a ration


   Skills:
 - Level 2.6 Dodging
 + Level 3.4 Stealth
 + Level 1.1 Unarmed Combat
 - Level 2.0 Spellcasting
 - Level 0.8 Conjurations
 - Level 2.6 Air Magic


You had 2 spell levels left.
You knew the following spells:

 Your Spells              Type           Power        Failure   Level  Hunger
a - Shock                 Conj/Air       #...         10%         1    #......
W - Swiftness             Chrm/Air       #.......     19%         2    ###....


Dungeon Overview and Level Annotations

Branches:
Dungeon (4/15)
 Temple: D:4-7

Altars:
Elyvilon


Innate Abilities, Weirdness & Mutations

You cannot wear armour.
You are incapable of wielding weapons or throwing items.
Your paws allow you to move quietly. (Stealth)
You have sharp claws.
You have razor-sharp teeth.
You have supernaturally acute eyesight. (SInv)
You are carnivorous and can eat meat at any time.
You cover ground quickly.
You are covered in fur. (AC +1)
You have a slow metabolism.
Your sharp claws are effective at attacking unaware monsters.


Message History

Y - a +3 ring of slaying (right paw)
A rat and a goblin come into view.
The goblin shouts!
The hobgoblin shouts!
You hear a shout! x2
Found a small steel ring.
You scratch the rat.
You kill the rat!
Your Stealth skill increases to level 3!
You are suddenly yanked towards a nearby monster!
Your surroundings suddenly seem different.
A leopard gecko comes into view.
The leopard gecko misses you.
You barely miss the leopard gecko. The leopard gecko closely misses you.
You miss the leopard gecko.
You are suddenly yanked towards a nearby monster!
Your surroundings suddenly seem different.
Found 22 stones.
Found a white marble altar of Elyvilon.
Found a stone staircase leading down.
A rat comes into view.
A worm comes into view.
Found a dagger.
You pounce on the unaware helpless rat!
You scratch the rat.
You kill the rat!
You pounce on the unaware helpless worm!
You claw the worm!
The worm is moderately wounded.
The worm misses you.
Casting: Shock
Confirm with . or Enter, or press ? or * to list all spells.
Aiming: Shock
Press: ? - help, Shift-Dir - straight line The zap hits the worm.
The worm is heavily wounded.
The zap hits the worm.
The worm is heavily wounded.
Casting: Shock
Confirm with . or Enter, or press ? or * to list all spells.
Aiming: Shock
Press: ? - help, Shift-Dir - straight line The zap hits the worm.
The worm is severely wounded.
The zap hits the worm.
The worm is almost dead.
The worm bites you.
Casting: Shock
Confirm with . or Enter, or press ? or * to list all spells.
Aiming: Shock
Press: ? - help, Shift-Dir - straight line The zap hits the worm.
The worm is almost dead.
The zap hits the worm.
You kill the worm!
Your Unarmed Combat skill increases to level 1!
Found a stone staircase leading down.
You see here 22 stones.
Found 11 stones and a hunting sling.
There is a fountain of clear blue water here.
There is a stone staircase leading down here.
You climb downwards.
There is a stone staircase leading up here.
There is a stone staircase leading up here.
You climb upwards.
You hear the sound of rushing water.
There is an entrance to a sewer on this level.
Hurry and find it before the portal rusts away!
There is a stone staircase leading down here.
A bat comes into view.
Found a leather armour.
Found a stone staircase leading down.
You hear the slow rusting of a distant drain.
Found a scroll labeled PUJAIL WISE.
The bat barely misses you.
You barely miss the bat. The bat hits you.
You scratch the bat.
You kill the bat!
You have reached level 2!
Memorise Swiftness, consuming 2 spell levels and leaving 2?
You start memorising the spell.
You continue memorising. x2
You finish memorising.
Spell assigned to 'W'.
Unknown command.
An ogre comes into view. It is wielding a giant club.
The ogre shouts!
The ogre moves out of view.
A kobold comes into view. It is wielding a dagger.
Found 2 scrolls labeled WEKLI FARIGID.
There is a stone staircase leading down here.
You see here a scroll labeled PUJAIL WISE.
f - a scroll labeled PUJAIL WISE
Found 16 arrows.
Found an escape hatch in the floor.
A rat comes into view.
The helpless rat fails to defend itself.
You claw the rat!
You kill the rat!
There is an escape hatch in the floor here.
An orc comes into view. It is wielding a war axe.
An orc comes into view. It is wielding a war axe.
Found a stone staircase leading up.
The helpless orc fails to defend itself.
You claw the orc!
You kill the orc!
The orc hits you with a war axe!
Ouch! That really hurt!
You die...

###.# .# ## .. ##.##
#... #..# .# #o)##....
.# #@....# ... #.##<.#
#.# ###.##..#. #.#####
#.........# #.##..<
#.###.#.....##.##.##
####.###.............##
##.
#.......##.######[.....
..# #.##.##.##.# .#
##.##### ..#
#.....>(...##.# #...#


You could see an orc.

Vanquished Creatures
  A worm (D:3)
  An orc (D:3)
  A giant cockroach (D:3)
  A bat (D:3)
  A frilled lizard (D:3)
  4 rats
9 creatures vanquished.

Notes
Turn   | Place    | Note
-------+----------+-------------------------------------------
     0 | D:1      | tidbits the Felid Air Elementalist began the quest for the Orb.
     0 | D:1      | Reached XP level 1. HP: 7/7 MP: 4/4
    73 | D:3      | Reached skill level 3 in Stealth
    78 | D:3      | Found a white marble altar of Elyvilon.
    84 | D:3      | Reached skill level 1 in Unarmed Combat
   112 | D:3      | Reached XP level 2. HP: 7/11 MP: 4/6
   116 | D:3      | Learned a level 2 spell: Swiftness
   119 | D:3      | Noticed an ogre
   151 | D:3      | Slain by an orc

Skill      XL: |  1 |
---------------+----+-----
Stealth        | 3 |  3.4
Unarmed Combat | 1 |  1.1
Dodging        | |  2.6
Spellcasting   | |  2.0
Conjurations   | |  0.8
Air Magic      | |  2.6

Action                   || total
-------------------------++-------
Melee: Unarmed           ||    17
 Cast: Shock             ||     3
 Stab: Sleeping          ||     5
Dodge: Dodged            ||     8

Table legend:
 A = Turns spent in this place as a percentage of turns spent in the entire game.
 B = Non-inter-level travel turns spent in this place as a percentage of non-inter-level travel turns spent in the entire game.
 C = Inter-level travel turns spent in this place as a percentage of turns spent in this place.
 D = Turns resting spent in this place as a percentage of non-inter-level travel turns spent in this place.
 E = Turns spent auto-exploring this place as a percentage of non-inter-level travel turns spent in this place.
 F = Non-inter-level travel turns spent in this place divided by the number of levels of this place that you've seen.
                   A       B       C       D       E      F
               +-------+-------+-------+-------+-------+----------------------
         Total | 100.0 | 100.0 |   0.0 |   0.0 |   0.0 |  37.8
       Dungeon | 100.0 | 100.0 |   0.0 |   0.0 |   0.0 |  37.8
               +-------+-------+-------+-------+-------+----------------------

Table legend:
 A = Kills in this place as a percentage of kills in entire the game.
 B = Kills by you in this place as a percentage of kills by you in the entire game.
 C = Kills by friends in this place as a percentage of kills by friends in the entire game.
 D = Other kills in this place as a percentage of other kills in the entire game.
 E = Experience gained in this place as a percentage of experience gained in the entire game.
 F = Experience gained in this place divided by the number of levels of this place that you have seen.
                   A       B       C       D       E      F
               +-------+-------+-------+-------+-------+----------------------
         Total | 100.0 | 100.0 |   N/A |   N/A | 100.0 |   4.0
       Dungeon | 100.0 | 100.0 |   N/A |   N/A | 100.0 |   4.0
               +-------+-------+-------+-------+-------+----------------------

Vault maps used:
D:1:      lemuel_arrival_river_bridge
D:2:      tso_altar
D:3:      elyvilon_altar_5, cheibrodos_sewer_entry_drain,
          kennysheep_generic_room_13, uniq_jessica, uniq_robin
D:4:      lemuel_coloured_pillars_altar, minmay_temple_entry_purple_smoke
